 Dungeon Sprint DCSS version 0.24.1-14-gf8d2b509d9 (webtiles) character file.

Game seed: 847431751702637047, levelgen mode: deterministic

263448 Groucho the Imperceptible (level 11, 60/60 HPs)
             Began as a Felid Berserker on May 24, 2020.
             Was a High Priest of Trog.
             Escaped with the Orb!
             The game lasted 00:15:26 (4423 turns).

Groucho the Imperceptible (Felid Berserker)         Turns: 4423, Time: 00:15:27

Health: 60/60      AC:  3    Str: 13    XL:     11   Next: 23%
Magic:  12/12      EV: 34    Int: 10    God:    Trog [*****.]
Gold:   876        SH:  0    Dex: 19    Spells: 10/10 levels left
                                        Lives:  1   Deaths: 1

rFire    . . .     SeeInvis +     - Unarmed
rCold    + . .     Gourm    +   (shield unavailable)
rNeg     . . .     Faith    .   (armour unavailable)
rPois    .         Spirit   .   (helmet unavailable)
rElec    .         Reflect  .   (cloak unavailable)
rCorr    .         Harm     .   (gloves unavailable)
MR       +....     NoTele   +   (boots unavailable)
Stlth    +++.......             c - amulet of the gourmand
HPRegen  0.20/turn              (no ring)
MPRegen  0.13/turn              (no ring)

@: flying (expiring), quick
A: very small, no armour, no weapons or thrown items, stealth, claws 1, fangs 3,
see invisible, carnivore, speed 1, shaggy fur 3, slow metabolism 1, sharp paws
0: Orb of Zot
a: Berserk, Trog's Hand, Brothers in Arms, Renounce Religion


You escaped.
You worshipped Trog.
Trog was extremely pleased with you.
You were full.

You visited 1 branch You collected 2106 gold pieces.
You spent 1230 gold pieces at shops.

Inventory:

Jewellery
 c - an amulet of the gourmand (around neck)
 r - an uncursed ring of wizardry
Wands
 j - a wand of digging (2)
 q - a wand of paralysis (9)
Scrolls
 i - 3 scrolls of enchant armour {unknown}
 k - 2 scrolls of remove curse
 l - 2 scrolls of immolation
 m - a scroll of enchant weapon {unknown}
 n - 3 scrolls of magic mapping
 o - a scroll of fog
 p - a scroll of amnesia
 s - 2 scrolls of blinking
 t - 2 scrolls of identify
Potions
 b - 6 potions of curing
 e - 2 potions of magic
 f - a potion of berserk rage
 h - a potion of degeneration
Comestibles
 a - 8 rations


   Skills:
 + Level 14.2 Fighting
 + Level 17.8 Dodging
 + Level 24.6 Stealth
 + Level 14.2 Unarmed Combat


You had 10 spell levels left.
You didn't know any spells.
Your spell library was empty.

Dungeon Overview and Level Annotations

Branches:
Dungeon (1/1)

Altars:
Cheibriados
Dithmenos
Elyvilon
Fedhas
Gozag
Hepliaklqana
Kikubaaqudgha
Makhleb
Nemelex Xobeh
Okawaru
Qazlal
Ru
Sif Muna
Trog
Uskayaw
Vehumet
Wu Jian
Xom
Yredelemnul
Zin
The Shining One
Jiyva
Lugonu

Shops:
D ?[?(!%(%[*?!}([[[:%[%

Annotations:
D Tiamat


Innate Abilities, Weirdness & Mutations

You cannot wear armour.
You are incapable of wielding weapons or throwing items.
Your paws allow you to move quietly. (Stealth)
You have sharp claws.
You have razor-sharp teeth.
You have supernaturally acute eyesight. (SInv)
You are carnivorous and can eat meat at any time.
You cover ground quickly.
Your thick and shaggy fur keeps you warm. (AC +3, rC+)
You have a slow metabolism.
Your sharp claws are effective at attacking unaware monsters.


Message History

There is an open door here.
There is an open door here.
There is an open door here.
An arrow shoots out and misses you.
Your extra speed is starting to run out.
There is an arrow trap here.
There is an open door here.
There is an open door here.
Things that are here:
a +0 scythe; a +0 robe
There is an open door here.
You see here a cursed -2 giant spiked club.
You feel yourself slow down.
There is an open door here.
You are starting to lose your buoyancy.
There is an open door here.
Things that are here:
a +0 dagger; a +0 chain mail
There is a staircase leading out of the dungeon here.
You have escaped!

##################
#@.#..'..#.)'..#__
#.)'..#.)'..#..'^.
#..#####'#####'#__
#..####..#...#.###
#..#__####..##[#§§
#..#_____##'#_.'≈≈
#⌠⌠#_.∩...'..._#≈≈
#..._..__##_.#'##+
#..#_____###'#:#..


There were no monsters in sight!

Vanquished Creatures
  A daeva (D)
  A hydra (D)
  2 centaur warriors (D)
  Sonja (D)
  A deep troll (D)
  7 unseen horrors (D)
  A lindwurm (D)
  A shining eye (D)
  An oklob plant (D)
  2 kobold demonologists (D)
  2 demonic crawlers (D)
  A hornet (D)
  A slime creature (D)
  Sigmund (D)
  2 redbacks (D)
  A yak (D)
  13 hogs (D)
  3 floating eyes (D)
  An ogre (D)
  7 necrophages (D)
  8 jellies (D)
  Ijyb (D)
59 creatures vanquished.

Vanquished Creatures (collateral kills)
  3 fire giants (D)
  7 shining eyes (D)
  2 demonic crawlers (D)
  4 floating eyes (D)
16 creatures vanquished.

Vanquished Creatures (others)
  A gargoyle (D)
  A merfolk siren (D)
  3 hornets (D)
  2 ballistomycete spores (D)
7 creatures vanquished.

Grand Total: 82 creatures vanquished

Notes
Turn   | Place    | Note
-------+----------+-------------------------------------------
     0 | D        | Groucho the Felid Berserker began the quest for the Orb.
     0 | D        | Reached XP level 1. HP: 10/10 MP: 2/2
     2 | D        | Noticed Ijyb
    12 | D        | Killed Ijyb
    12 | D        | Reached skill level 8 in Stealth
    12 | D        | Reached XP level 2. HP: 13/14 MP: 3/3
   415 | D        | Noticed an ogre
   418 | D        | Killed an ogre
   418 | D        | Reached skill level 12 in Stealth
   418 | D        | Reached XP level 3. HP: 17/17 MP: 4/4
   418 | D        | Reached XP level 4. HP: 21/21 MP: 5/5
   438 | D        | Noticed Sigmund
   440 | D        | Killed Sigmund
   440 | D        | Reached ** piety under Trog
   440 | D        | Reached skill level 16 in Stealth
   440 | D        | Reached XP level 5. HP: 24/24 MP: 6/6
   440 | D        | Gained mutation: You are covered in thick fur. (AC +2)
                  | [Felid growth]
   440 | D        | Reached XP level 6. HP: 28/28 MP: 7/7
   453 | D        | Found a shimmering blue altar of Sif Muna.
   454 | D        | Found an ornate altar of the Wu Jian Council.
   455 | D        | Found a radiant altar of Vehumet.
   471 | D        | Identified Palassia's Collected Works on Execration
   493 | D        | Found Zayleta's Weapon Emporium.
   493 | D        | Found an ancient bone altar of Kikubaaqudgha.
   493 | D        | Found a hazy altar of Hepliaklqana.
   493 | D        | Found a stormy altar of Qazlal.
   493 | D        | Found a hide-covered altar of Uskayaw.
   493 | D        | Found a blossoming altar of Fedhas.
   493 | D        | Found a bloodstained altar of Trog.
   493 | D        | Found an iron altar of Okawaru.
   493 | D        | Found a basalt altar of Yredelemnul.
   493 | D        | Found a glowing golden altar of the Shining One.
   493 | D        | Found a snail-covered altar of Cheibriados.
   493 | D        | Found a sacrificial altar of Ru.
   493 | D        | Found a glowing silver altar of Zin.
   493 | D        | Found a shadowy altar of Dithmenos.
   493 | D        | Found a white marble altar of Elyvilon.
   493 | D        | Noticed a yak
   501 | D        | Killed a yak
   501 | D        | Reached skill level 18 in Stealth
   502 | D        | Found an opulent altar of Gozag.
   901 | D        | Found a sparkling altar of Nemelex Xobeh.
   919 | D        | Found a burning altar of Makhleb.
   919 | D        | Found a shimmering altar of Xom.
   919 | D        | Noticed a slime creature
   920 | D        | Found a viscous altar of Jiyva.
   920 | D        | Found a corrupted altar of Lugonu.
   922 | D        | Killed a slime creature
   922 | D        | Reached skill level 5 in Dodging
   922 | D        | Reached XP level 7. HP: 32/32 MP: 8/8
   963 | D        | Noticed a centaur warrior
   963 | D        | Noticed a centaur warrior
   964 | D        | Killed a centaur warrior
   964 | D        | Reached *** piety under Trog
   964 | D        | Reached skill level 19 in Stealth
   964 | D        | Reached XP level 8. HP: 39/39 MP: 9/9
   965 | D        | Killed a centaur warrior
   965 | D        | Reached skill level 10 in Dodging
   965 | D        | Reached skill level 20 in Stealth
   971 | D        | Killed a gargoyle
   997 | D        | Noticed a hornet
  1000 | D        | Killed a hornet
  1000 | D        | Reached XP level 9. HP: 44/44 MP: 10/10
  1013 | D        | Noticed an oklob plant
  1015 | D        | Killed an oklob plant
  1022 | D        | Reached **** piety under Trog
  1045 | D        | Noticed an unseen horror
  1045 | D        | Noticed an unseen horror
  1050 | D        | Killed an unseen horror
  1050 | D        | Reached skill level 21 in Stealth
  1052 | D        | Killed an unseen horror
  1066 | D        | Reached ***** piety under Trog
  1085 | D        | Reached XP level 10. HP: 47/51 MP: 11/11
  1090 | D        | Found the +0 mask of the Dragon {MR+ Slay+3 SInv}
  1090 | D        | Reached skill level 10 in Fighting
  1090 | D        | Reached skill level 10 in Unarmed Combat
  1110 | D        | Reached ****** piety under Trog
  1650 | D        | Found Qewaataj's Food Shoppe.
  1650 | D        | Found Vuanayschush's Antique Weapon Shop.
  1650 | D        | Found Wyevaut's Antique Armour Boutique.
  1652 | D        | Found Wuximol's Assorted Antiques.
  1652 | D        | Found Esinuub's Magic Scroll Shop.
  1652 | D        | Found Happ's Distillery.
  1652 | D        | Found Bufu's Gadget Boutique.
  1652 | D        | Found Sekhlud's Antique Weapon Emporium.
  1652 | D        | Found Naifuo's Antique Armour Shop.
  1652 | D        | Found Pemnev's Armour Shoppe.
  1656 | D        | Found Weyxam Viti's Armour Boutique.
  1657 | D        | Found Daciy's Food Emporium.
  1657 | D        | Found Qoidwyi's Book Boutique.
  1658 | D        | Found Ibboapash's Food Emporium.
  1660 | D        | Bought a wand of digging (5) for 198 gold pieces
  1679 | D        | Bought a scroll labeled KOEDDE OJEICKYZ for 20 gold pieces
  1679 | D        | Bought a scroll labeled AMUUNE UJUPU for 20 gold pieces
  1679 | D        | Bought a scroll labeled NACLER EDETH for 20 gold pieces
  1679 | D        | Bought a scroll labeled BOOFA KOS VISH for 20 gold pieces
  1680 | D        | Bought 3 scrolls of magic mapping for 105 gold pieces
  1680 | D        | Bought a scroll of identify for 20 gold pieces
  1680 | D        | Bought a scroll of remove curse for 30 gold pieces
  1680 | D        | Bought a scroll of fog for 20 gold pieces
  1680 | D        | Bought a scroll of amnesia for 35 gold pieces
  1680 | D        | Bought a scroll of immolation for 35 gold pieces
  1681 | D        | Bought 2 potions of curing for 120 gold pieces
  1832 | D        | Noticed a deep troll
  1834 | D        | Killed a deep troll
  1852 | D        | Found Janaeh's Armour Emporium.
  1868 | D        | Noticed Sonja
  1871 | D        | Killed Sonja
  1871 | D        | Reached skill level 22 in Stealth
  1887 | D        | Found Giegemut's Magic Scroll Boutique.
  2248 | D        | Noticed a lindwurm
  2252 | D        | Killed a lindwurm
  2273 | D        | Reached XP level 11. HP: 56/56 MP: 12/12
  2294 | D        | Reached skill level 15 in Dodging
  2311 | D        | Reached skill level 23 in Stealth
  2655 | D        | Noticed a 12-headed hydra
  2657 | D        | Killed a 12-headed hydra
  2683 | D        | Noticed a daeva
  2703 | D        | Killed a daeva
  2711 | D        | Noticed an unseen horror
  2738 | D        | Noticed an unseen horror
  2745 | D        | Killed an unseen horror
  2752 | D        | Killed an unseen horror
  3161 | D        | Noticed an unseen horror
  3161 | D        | Noticed an unseen horror
  3161 | D        | Noticed an unseen horror
  3170 | D        | Killed an unseen horror
  3178 | D        | Killed an unseen horror
  3184 | D        | Killed an unseen horror
  3203 | D        | Noticed a fire giant
  3206 | D        | Noticed a fire giant
  3207 | D        | Noticed a fire giant
  3207 | D        | Noticed a fire giant
  3216 | D        | Killed a fire giant
  3216 | D        | Reached skill level 24 in Stealth
  3241 | D        | Killed a fire giant
  3903 | D        | Noticed a shining eye
  3903 | D        | Noticed a shining eye
  3903 | D        | Noticed a shining eye
  3903 | D        | Noticed a shining eye
  3903 | D        | Noticed a shining eye
  3903 | D        | Noticed a shining eye
  3905 | D        | Killed a shining eye
  3907 | D        | Killed a shining eye
  3907 | D        | Killed a shining eye
  3908 | D        | Noticed a shining eye
  3908 | D        | Noticed a shining eye
  3908 | D        | Killed a shining eye
  3908 | D        | Gained mutation: Your thick and shaggy fur keeps you warm.
                  | (AC +3, rC+) [Felid growth]
  3908 | D        | Reached XP level 12. HP: 63/63 MP: 13/13
  3925 | D        | Found Gaenwoar's Distillery.
  3925 | D        | Found Hiceush's Antique Armour Shoppe.
  3925 | D        | Found Ewnei's Food Boutique.
  3925 | D        | Found Wivum's Magic Scroll Emporium.
  3931 | D        | Bought a potion of flight for 33 gold pieces
  3940 | D        | Bought a scroll of blinking for 90 gold pieces
  3944 | D        | Bought a scroll of identify for 24 gold pieces
  3959 | D        | Bought a ration for 55 gold pieces
  3959 | D        | Bought a ration for 55 gold pieces
  3959 | D        | Bought a ration for 55 gold pieces
  3959 | D        | Bought a ration for 55 gold pieces
  3959 | D        | Bought a ration for 55 gold pieces
  3959 | D        | Bought a ration for 55 gold pieces
  3959 | D        | Bought a ration for 55 gold pieces
  3959 | D        | Bought a ration for 55 gold pieces
  4086 | D        | HP: 3/64 [fire giant/+2 great sword of flaming (9)]
  4086 | D        | Slain by a fire giant
  4087 | D        | Reached XP level 11. HP: 0/60 MP: 12/12
  4092 | D        | Killed a fire giant
  4350 | D        | Identified the +4 dragonskin cloak
  4350 | D        | Noticed Tiamat
  4352 | D        | Got the Orb of Zot
  4423 | D        | Escaped with the Orb!

Levels and vault maps discovered:
D:        dungeon_sprint_1 [red_sonja_temple_1, red_sonja_temple_small_1]

Skill      XL: |  1  2  3  4  5  6  7  8  9 10 11 12 |
---------------+-------------------------------------+-----
Stealth        | 8 12 16 18 19 20 21 22 24 | 24.6
Fighting       | 4 6 8 9 11 13 14 | 14.2
Dodging        | 5 8 10 12 14 17 | 17.8
Unarmed Combat | 4 6 8 9 11 13 14 | 14.2

Action                   |  1- 3 |  4- 6 |  7- 9 | 10-12 || total
-------------------------+-------+-------+-------+-------++-------
Melee: Unarmed           |     9 |     9 |    12 |   135 ||   165
       Bite              |     1 |     2 |       |     9 ||    12
       Punch             |       |       |       |     6 ||     6
Invok: Berserk           |     1 |     1 |       |     3 ||     5
       Trog's Hand       |       |     1 |       |    10 ||    11
       Brothers in Arms  |       |       |       |    12 ||    12
Evoke: Wand              |       |       |       |     3 ||     3
  Use: Scroll            |       |       |     1 |     3 ||     4
       Potion            |       |       |       |     4 ||     4
 Stab: Sleeping          |     1 |     3 |    10 |    16 ||    30
  Eat: Chunk             |     1 |     5 |     1 |    12 ||    19
       Ration            |       |       |       |     1 ||     1
Armor: Skin              |       |       |       |     4 ||     4
Dodge: Dodged            |     2 |     4 |     1 |   143 ||   150
